 Dungeon Crawl Stone Soup version 0.27-a0-668-gb5737ff2c0 (webtiles) character file.

Game seed: 16621409935086215619

250 tsouns the Skirmisher (level 6, 0/76 HPs)
             Began as a Formicid Wanderer on Mar 17, 2021.
             Succumbed to a worker ant's poison
             ... on level 4 of the Dungeon.
             The game lasted 00:06:00 (3429 turns).

tsouns the Skirmisher (Formicid Wanderer)           Turns: 3429, Time: 00:06:01

Health: 0/76       AC: 23    Str: 17    XL:     6   Next: 35%
Magic:  6/6        EV:  2    Int: 13    God:
Gold:   170        SH:  9    Dex: 10    Spells: 2/5 levels left

rFire    . . .     SeeInvis .   j - +1 spear
rCold    + . .     Faith    .   b - +0 kite shield
rNeg     + + +     Spirit   .   (armour currently unavailable)
rPois    +         Reflect  .   (helmet unavailable)
rElec    .         Harm     .   (cloak currently unavailable)
rCorr    .         Rampage  .   (gloves currently unavailable)
Will     .....                  (boots currently unavailable)
Stlth    +++.......             (no amulet)
HPRegen  0.22/turn              l - ring of protection from cold
MPRegen  0.10/turn              m - +4 ring of evasion

@: brilliant, lethally poisoned (0 -> -15), tree-form
A: stationary, stasis, torment immunity, boosted hp, permanent stasis, dig
shafts and tunnels, (antennae 3), four strong arms
a: no special abilities


You were on level 4 of the Dungeon.
You were a tree.
You visited 1 branch of the dungeon, and saw 6 of its levels.

You collected 170 gold pieces.

Inventory:

Hand Weapons
 a - a +0 short sword
 e - a +0 dagger
 j - a +1 spear (weapon)
Missiles
 i - 8 poisoned darts
 p - 2 throwing nets
Armour
 b - a +0 kite shield (worn)
 d - a +0 robe (melded)
Jewellery
 l - a ring of protection from cold (right branch)
 m - a +4 ring of evasion (left branch)
Scrolls
 n - a scroll of torment
Potions
 c - a potion of lignification
 g - a potion of degeneration
 k - a potion of attraction


   Skills:
 + Level 5.4 Fighting
 + Level 3.0 Polearms
 - Level 1.0 Crossbows
 + Level 5.3 Stealth
 + Level 3.5 Shields


You had 2 spell levels left.
You knew the following spells:

 Your Spells              Type           Power      Damage    Failure   Level
a - Confusing Touch       Hex            0%         N/A       96%         3

Your spell library contained the following spells:

 Spells                   Type           Power      Damage    Failure   Level
 Gell's Gravitas          Tloc           0%         N/A       96%         3
 Petrify                  Tmut/Erth      0%         N/A       100%        4
 Metabolic Englaciation   Hex/Ice        0%         N/A       100%        5
 Yara's Violent Unravell  Hex/Tmut       0%         3d3       100%        5


Dungeon Overview and Level Annotations

Branches:
Dungeon (6/15)
 Temple: D:4-7

Altars:
Sif Muna


Innate Abilities, Weirdness & Mutations

You are a tree.
Your roots penetrate the ground, keeping you stationary.
You cannot be teleported.
You are immune to unholy pain and torment.
Your maximum health is greatly increased.
Your equipment is partially melded.
You cannot be hasted, slowed, berserked, paralysed or teleported.
You can dig through walls and to a lower floor.
((You have a pair of large antennae on your head. (SInv)))
Your four strong arms can wield two-handed weapons with a shield.


Message History

Unknown command.
It was a potion of cancellation.
You feel magically purged.
* * * LOW HITPOINT WARNING * * *
You feel sick. The worker ant bites you.
* * * LOW HITPOINT WARNING * * *
You are more poisoned.
The worker ant poisons you!
Really quaff the potion of lignification? [Y]es or [N]o only, please.
Really quaff the potion of lignification? [Y]es or [N]o only, please.
Really quaff the potion of lignification? [Y]es or [N]o only, please.
Really quaff the potion of lignification?
You turn into a tree.
Your +0 robe melds into your body.
Your roots penetrate the ground.
* * * LOW HITPOINT WARNING * * *
You feel sick.
The worker ant bites you but does no damage.
Unknown command.
Unknown command.
You puncture the worker ant!
You kill the worker ant!
* * * LOW HITPOINT WARNING * * *
You feel sick.
Your Polearms skill increases to level 3!
You cannot move.
There is a lethal amount of poison in your body!
There is a lethal amount of poison in your body!
You feel clever all of a sudden.
* * * LOW HITPOINT WARNING * * *
You feel sick.
As you read the scroll of enchant weapon, it crumbles to dust.
Your +0 spear glows red for a moment.
* * * LOW HITPOINT WARNING * * *
You feel sick.
Really quaff the potion of lignification?
You are stuck in your current form!
There is a lethal amount of poison in your body!
You die...

#.# # #.# .# #####.#
####.# #. ...# .....#
###.###.### .$...#
..........##.....#
##..............#.
###..##.#.......... #
#..........♣†......
#.#....†..####.......
#.##.#..#..#####
.##..##
........<......# ..
.#
....#..##.###..#.#. #
. #..>†...# .....
#.###.#.# .. .# #.
...... #+ .# ##
#.#.###


There were no monsters in sight!

Vanquished Creatures
  Natasha (thrice) (D:3)
  2 worker ants (D:4)
  A hound skeleton (D:4)
  5 adders
  2 worms
  An adder skeleton (D:4)
  A dart slug (D:1)
  2 leopard geckos (D:1)
  An orc (D:4)
  2 ball pythons (D:1)
  8 bats
  A giant cockroach (D:1)
  9 hobgoblins
  4 jackals (D:2)
  A quokka (D:2)
  A frilled lizard (D:2)
  10 goblins
  5 kobolds
  5 rats
64 creatures vanquished.

Vanquished Creatures (others)
  A plant (D:1)
1 creature vanquished.

Grand Total: 65 creatures vanquished

Notes
Turn   | Place    | Note
-------+----------+-------------------------------------------
     0 | D:1      | tsouns the Formicid Wanderer began the quest for the Orb.
     0 | D:1      | tsouns set off with the following items: a +0 short sword,
                  | a +0 kite shield, a potion of lignification, a +0 robe, a
                  | +0 dagger
     0 | D:1      | Reached XP level 1. HP: 20/20 MP: 1/1
   403 | D:1      | Reached XP level 2. HP: 24/26 MP: 2/2
   872 | D:2      | Reached XP level 3. HP: 24/31 MP: 3/3
  1684 | D:3      | Reached XP level 4. HP: 38/38 MP: 4/4
  1724 | D:3      | Found a shimmering blue altar of Sif Muna.
  1729 | D:3      | Learned a level 3 spell: Confusing Touch
  1830 | D:3      | Noticed Natasha
  1839 | D:3      | Killed Natasha
  2132 | D:3      | Noticed Natasha
  2139 | D:3      | Killed Natasha
  2140 | D:3      | Reached skill level 5 in Fighting
  2140 | D:3      | Reached XP level 5. HP: 44/44 MP: 5/5
  2234 | D:3      | Noticed Natasha
  2258 | D:3      | Killed Natasha
  2612 | D:3      | Reached skill level 5 in Stealth
  3004 | D:3      | You fall into a shaft and drop 1 floor!
  3018 | D:4      | You fall into a shaft and drop 2 floors!
  3045 | D:6      | Noticed a bullfrog
  3099 | D:5      | Entered Level 5 of the Dungeon
  3238 | D:4      | Reached XP level 6. HP: 42/51 MP: 6/6
  3428 | D:4      | HP: 2/76 [poisoned by a worker ant]
  3429 | D:4      | Succumbed to a worker ant's poison

Illustrated notes

Levels and vault maps discovered:
D:1:      amcnicky_arrival_blooded_trapdoor, layout_loops_cross,
          serial_bayou_pond_a, amethyst_killhole
D:2:      layout_rooms, minmay_tromino_i4
D:3:      cheibrodos_greedy_goblins, layout_loops_ring,
          okawaru_altar_gauntlet_db, overflow_temple_1_default,
          minmay_misc_feat_room, uniq_natasha
D:4:      layout_loops_ring, kennysheep_mini, nicolae_hepliaklqana_hippocampus,
          minmay_temple_entry_enclosed_plants
D:5:      layout_basic, nrook_mini_vaults
D:6:      layout_basic

Skill      XL: |  1  2  3  4  5  6 |
---------------+-------------------+-----
Stealth        | 4 5 |  5.3
Shields        | 2 3 |  3.5
Polearms       | 2 3 |  3.0
Fighting       | 5 |  5.4
Crossbows      | |  1.0

Action                   |  1- 3 |  4- 6 || total
-------------------------+-------+-------++-------
Melee: Short sword       |    43 |       ||    43
       Spear             |    57 |   168 ||   225
Throw: Dart              |     2 |       ||     2
  Use: Scroll            |       |     7 ||     7
       Potion            |       |     3 ||     3
 Stab: Sleeping          |    13 |     6 ||    19
Armor: Robe              |    27 |    12 ||    39
       Skin              |       |     1 ||     1
Dodge: Dodged            |    37 |    75 ||   112
Block: Kite shield       |    40 |    59 ||    99

Table legend: (Time is in decaauts)
 A = Elapsed time spent in this place.
 B = Non-inter-level travel time spent in this place.
 C = Inter-level travel time spent in this place.
 D = Time resting spent in this place.
 E = Time spent auto-exploring this place.
 F = Levels seen in this place.
 G = Mean time per level.
                   A        B        C        D        E       F      G
               +--------+--------+--------+--------+--------+-----+--------+
         Total |   3489 |   3463 |     26 |      0 |   2726 |   6 |  581.5 |
       Dungeon |   3489 |   3463 |     26 |      0 |   2726 |   6 |  581.5 |
               +--------+--------+--------+--------+--------+-----+--------+

Top non-repeatable levels by time:
     D:3: 1346 daAuts
     D:1: 880 daAuts
     D:2: 830 daAuts
     D:4: 219 daAuts
     D:5: 130 daAuts
     D:6: 81 daAuts
